 Seeded DCSS version 0.24.0 (webtiles) character file.

Game seed: 3143378150848248218, levelgen mode: deterministic

28133 Auros the Brawler (level 13, 0/110 HPs)
             Began as a Troll Fighter on Apr 12, 2020.
             Was a High Priest of Wu Jian.
             Slain by a nine-headed hydra (5 damage)
             ... on level 4 of the Lair of Beasts.
             The game lasted 00:33:50 (10853 turns).

Auros the Brawler (Troll Fighter)                  Turns: 10853, Time: 00:33:51

Health: 0/110      AC: 14    Str: 28 (29) XL:     13   Next: 8%
Magic:  0/21       EV:  7    Int:  3 (4)  God:    Wu Jian [*****.]
Gold:   619        SH:  0    Dex: 11      Spells: 12/12 levels left

rFire    . . .     SeeInvis .     - Unarmed
rCold    . . .     Gourm    +   (no shield)
rNeg     . . .     Faith    .   E - +0 shadow dragon scales
rPois    .         Spirit   +   (helmet restricted)
rElec    .         Reflect  .   (no cloak)
rCorr    .         Harm     .   (gloves unavailable)
MR       .....                  (boots unavailable)
Stlth    ++........             y - amulet of guardian spirit
HPRegen  0.68/turn              R - ring of stealth
MPRegen  0.17/turn              a - ring of magical power

@: silence
A: large, unfitting armour, claws 3, fast metabolism 3, gourmand, regeneration
1, shaggy fur 1, tough skin 3
a: Wall Jump, Renounce Religion


You were on level 4 of the Lair of Beasts.
You worshipped Wu Jian.
Wu Jian was extremely pleased with you.
You were completely stuffed.

You visited 3 branches of the dungeon, and saw 14 of its levels.

You collected 619 gold pieces.

Inventory:

Hand Weapons
 j - the +9 heavy crossbow "Sniper" {velocity, Acc+∞ SInv}
   (You found it on level 5 of the Dungeon)

   Any bolt fired from it inflicts extra damage.
   It lets you see invisible.
 D - the +7 glaive of Meralel {flame, rF- rC+++ MR+++ Str-4}
   (You found it on level 3 of the Lair of Beasts)

   It has been specially enchanted to burn those struck by it, causing extra
   injury to most foes and up to half again as much damage against particularly
   susceptible opponents.
   Big, fiery blades are also staple armaments of hydra-hunters.
   It affects your strength (-4).
   It makes you vulnerable to fire.
   It renders you almost immune to cold.
   It affects your resistance to hostile enchantments.
Missiles
 p - 15 bolts
 s - 16 sling bullets
 v - 52 arrows
 Z - 56 stones (quivered)
Armour
 E - +0 shadow dragon scales (worn)
Magical Staves
 b - an uncursed staff of cold
Jewellery
 a - a ring of magical power (right claw)
 f - a +1 ring of protection
 g - an uncursed ring of ice
 q - an uncursed ring of flight
 w - an uncursed ring of protection from fire
 x - an uncursed amulet of inaccuracy
 y - an amulet of guardian spirit (around neck)
 O - a +5 ring of protection
 R - a ring of stealth (left claw)
 S - an uncursed ring of wizardry
 U - a +1 ring of protection
Wands
 d - a wand of acid (6)
 B - a wand of enslavement (8)
 N - a wand of flame (11)
 P - a wand of polymorph (13)
 V - a wand of iceblast (5)
Scrolls
 c - 6 scrolls of remove curse
 i - 10 scrolls of identify
 l - 2 scrolls of enchant weapon {unknown}
 n - a scroll of magic mapping {unknown}
 r - 3 scrolls of silence
 t - 8 scrolls of teleportation
 C - 3 scrolls of enchant armour {unknown}
 G - a scroll of fog {unknown}
 H - a scroll of random uselessness {unknown}
 I - a scroll of amnesia {unknown}
 M - a scroll of noise {unknown}
 Q - a scroll of holy word {unknown}
 W - a scroll of vulnerability {unknown}
 X - a scroll of blinking {unknown}
 Y - a scroll of acquirement {unknown}
Potions
 e - 3 potions of might
 k - 2 potions of lignification
 m - a potion of degeneration
 u - 3 potions of curing
 A - a potion of invisibility
 K - 3 potions of heal wounds
Miscellaneous
 h - a lightning rod (4/4)
Comestibles
 o - 6 chunks of flesh
 z - 24 rations


   Skills:
 - Level 2.4 Fighting
 - Level 2.4 Dodging
   Level 2.4 Shields
 + Level 20.3 Unarmed Combat


You had 12 spell levels left.
You didn't know any spells.
Your spell library contained the following spells:

 Spells                   Type           Power        Failure   Level  Hunger
 Animate Skeleton         Necr           N/A          99%         1    ##.....
 Apportation              Tloc           #.....       99%         1    ##.....
 Confusing Touch          Hex            #.....       99%         1    ##.....
 Summon Small Mammal      Summ           #...         99%         1    ##.....
 Corpse Rot               Necr           N/A          99%         2    ###....
 Confuse                  Hex            #.......     100%        3    ####...
 Gell's Gravitas          Tloc           #.........   100%        3    ####...
 Stone Arrow              Conj/Erth      #.....       100%        3    ####...
 Leda's Liquefaction      Hex/Erth       #.........   100%        4    #####..
 Petrify                  Tmut/Erth      #.......     100%        4    #####..
 Metabolic Englaciation   Hex/Ice        #.........   100%        5    ######.
 Summon Forest            Summ/Tloc      #.........   100%        5    ######.
 Yara's Violent Unravell  Hex/Tmut       #.........   100%        5    ######.
 Hydra Form               Tmut           #.........   100%        6    #######
 Summon Hydra             Summ           #.........   100%        7    #######


Dungeon Overview and Level Annotations

Branches:
Dungeon (9/15)             Temple (1/1) D:5            Lair (4/6) D:9
    Orc (0/2) D:9
  Swamp: Lair:2-4    Shoals: Lair:2-4     Snake: Lair:2-4    Spider: Lair:2-4

Altars:
Ashenzari
Cheibriados
Dithmenos
Elyvilon
Fedhas
Gozag
Hepliaklqana
Kikubaaqudgha
Makhleb
Nemelex Xobeh
Okawaru
Qazlal
Ru
Sif Muna
Trog
Uskayaw
Vehumet
Wu Jian
Xom
Yredelemnul
Zin
The Shining One

Shops:
D:4 !

Annotations:
D:3 1 runed translucent door, Crazy Yiuf
D:4 Sigmund


Innate Abilities, Weirdness & Mutations

You are too large for most types of armour.
You have claws for hands.
Your metabolism is lightning-fast.
You like to eat raw meat.
Your natural rate of healing is unusually fast.
You are covered in fur. (AC +1)
You have extremely tough skin. (AC +3)


Message History

The nine-headed hydra misses you.
The nine-headed hydra bites you but does no damage.
The nine-headed hydra bites you.
* * * LOW HITPOINT WARNING * * *
The nine-headed hydra bites you but does no damage. x2
The nine-headed hydra bites you.
You feel sick.
You feel better. The nine-headed hydra bites you!
* * * LOW HITPOINT WARNING * * *
The nine-headed hydra bites you but does no damage.
The nine-headed hydra bites you.
* * * LOW HITPOINT WARNING * * *
The nine-headed hydra bites you but does no damage.
The nine-headed hydra bites you.
* * * LOW HITPOINT WARNING * * *
The nine-headed hydra bites you.
* * * LOW HITPOINT WARNING * * *
The nine-headed hydra barely misses you.
The nine-headed hydra bites you.
You die...

........$......÷†.......
...................<.$..>
.........$..†.............
............†.....$.......
...(.....................
#..<......####..###.....
#..........# #### .....
##........# .....
#...@...## .....
##...D...P# #......(.##
#.........# #.#..?...$## #
........# ##.......#
........# ##.......P#


You could see a nine-headed hydra.

Vanquished Creatures
  Harold (D:7)
  4 hydras
  Fannar (Lair:3)
  A catoblepas (Lair:3)
  3 two-headed ogres
  A lindwurm (Lair:3)
  Pikel (D:7)
  5 elephants
  A black mamba (Lair:3)
  8 spiny frogs
  A torpor snail (Lair:3)
  4 komodo dragons
  A rime drake (Lair:4)
  A hornet (D:8)
  A polar bear (Lair:3)
  10 blink frogs (Lair:3)
  2 hippogriffs
  4 wyverns
  28 yaks
  A basilisk (Lair:1)
  Menkaure (D:5)
  2 water moccasins
  6 porcupines
  2 orc warriors
  2 ice beasts (D:8)
  A phantom (D:9)
  2 slaves (D:7)
  A black bear (Lair:3)
  3 sky beasts
  5 ogres
  15 wolves
  4 centaurs
  5 crocodiles
  12 bullfrogs
  A gnoll sergeant (D:7)
  A wyvern zombie (D:6)
  4 scorpions
  4 jellies
  3 killer bees (D:8)
  3 wights (D:7)
  A howler monkey (D:7)
  3 electric eels (Lair:3)
  4 crimson imps
  A quasit (D:9)
  2 bullfrog skeletons
  8 hounds
  5 orc priests
  3 iguanas
  7 orc wizards
  4 hell rats (Lair:3)
  6 worker ants
  A hound zombie (D:5)
  12 gnolls
  6 adders
  A shadow imp (D:7)
  8 oozes
  An adder skeleton (D:3)
  3 worms
  5 dart slugs
  4 leopard geckos
  31 orcs
  12 giant cockroaches
  5 goblins
  8 hobgoblins
  6 jackals
  9 kobolds
  5 quokkas
  6 bats
  8 frilled lizards
  A leopard gecko skeleton (D:4)
  10 rats
342 creatures vanquished.

Vanquished Creatures (others)
  2 slaves (D:7)
  A wolf (Lair:3)
  A howler monkey (D:7)
  7 fungi
  5 plants
  6 toadstools (Lair:3)
22 creatures vanquished.

Grand Total: 364 creatures vanquished

Notes
Turn   | Place    | Note
-------+----------+-------------------------------------------
     0 | D:1      | Auros the Troll Fighter began the quest for the Orb.
     0 | D:1      | Reached XP level 1. HP: 22/22 MP: 0/0
     1 | D:1      | Found a runed translucent door.
   208 | D:1      | Reached XP level 2. HP: 29/29 MP: 1/1
   253 | D:1      | Reached skill level 3 in Unarmed Combat
   658 | D:1      | Reached XP level 3. HP: 33/36 MP: 2/2
   760 | D:1      | Reached skill level 4 in Unarmed Combat
   778 | D:1      | Reached XP level 4. HP: 43/44 MP: 3/3
  1536 | D:3      | Reached skill level 5 in Unarmed Combat
  1588 | D:3      | Reached XP level 5. HP: 39/50 MP: 4/4
  2020 | D:3      | Found a runed translucent door.
  2021 | D:3      | Noticed Crazy Yiuf
  2319 | D:4      | Noticed an ogre
  2322 | D:4      | Killed an ogre
  2322 | D:4      | Reached skill level 6 in Unarmed Combat
  2327 | D:4      | Reached XP level 6. HP: 52/59 MP: 3/5
  2361 | D:4      | Found an opulent altar of Gozag.
  2411 | D:4      | Found Keroohess's Distillery.
  2971 | D:5      | Entered Level 5 of the Dungeon
  2971 | D:5      | Noticed Sigmund
  2979 | D:5      | Reached skill level 7 in Unarmed Combat
  3128 | D:5      | Found the +9 heavy crossbow "Sniper" {velocity, Acc+∞ SInv}
  3144 | D:5      | Found a stormy altar of Qazlal.
  3153 | D:5      | Reached XP level 7. HP: 66/66 MP: 6/6
  3223 | D:5      | Reached skill level 8 in Unarmed Combat
  3410 | D:5      | Found a staircase to the Ecumenical Temple.
  3564 | D:5      | Reached skill level 9 in Unarmed Combat
  3639 | D:5      | Noticed Menkaure
  3645 | D:5      | Killed Menkaure
  3645 | D:5      | Reached XP level 8. HP: 65/74 MP: 5/7
  3861 | Temple   | Entered the Ecumenical Temple
  4071 | Temple   | Became a worshipper of the Wu Jian Council
  4146 | D:6      | Reached skill level 10 in Unarmed Combat
  4431 | D:6      | Reached skill level 11 in Unarmed Combat
  4589 | D:6      | Found a radiant altar of Vehumet.
  4589 | D:6      | Found a burning altar of Makhleb.
  4704 | D:7      | Reached XP level 9. HP: 80/80 MP: 8/8
  4822 | D:7      | Reached * piety under Wu Jian
  4837 | D:7      | Reached skill level 12 in Unarmed Combat
  4843 | D:7      | Found a basalt altar of Yredelemnul.
  4843 | D:7      | Noticed Pikel
  5033 | D:7      | Killed Pikel
  5033 | D:7      | Reached skill level 13 in Unarmed Combat
  5413 | D:7      | Reached XP level 10. HP: 62/88 MP: 6/9
  5437 | D:7      | Reached skill level 14 in Unarmed Combat
  5501 | D:7      | Reached ** piety under Wu Jian
  5620 | D:7      | Found a hazy altar of Hepliaklqana.
  5713 | D:7      | Noticed Harold
  5728 | D:7      | Killed Harold
  5983 | D:8      | Found a shimmering blue altar of Sif Muna.
  5993 | D:8      | Found a sparkling altar of Nemelex Xobeh.
  5996 | D:8      | Found an iron altar of Okawaru.
  5999 | D:8      | Found a glowing silver altar of Zin.
  6087 | D:8      | Found a sacrificial altar of Ru.
  6353 | D:8      | Reached skill level 15 in Unarmed Combat
  6477 | D:9      | Found a staircase to the Lair.
  6490 | D:9      | Noticed a two-headed ogre
  6497 | D:9      | Reached *** piety under Wu Jian
  6606 | D:8      | Killed a two-headed ogre
  6611 | D:8      | HP: 3/88 [yak (4)]
  6766 | D:9      | Reached skill level 16 in Unarmed Combat
  6808 | D:9      | Reached XP level 11. HP: 94/94 MP: 10/10
  6865 | D:9      | Found a staircase to the Orcish Mines.
  7038 | D:9      | Noticed a two-headed ogre
  7045 | D:9      | Killed a two-headed ogre
  7315 | D:9      | Noticed a two-headed ogre
  7320 | D:9      | Killed a two-headed ogre
  7651 | Lair:1   | Entered Level 1 of the Lair of Beasts
  7886 | Lair:1   | Reached skill level 17 in Unarmed Combat
  8144 | Lair:1   | Noticed a four-headed hydra
  8161 | Lair:1   | Killed a seven-headed hydra
  8580 | Lair:2   | Reached **** piety under Wu Jian
  8620 | Lair:2   | You fall into a shaft and drop 1 floor!
  8750 | Lair:3   | Noticed a four-headed hydra
  8759 | Lair:3   | Killed a four-headed hydra
  8759 | Lair:3   | Reached skill level 18 in Unarmed Combat
  8759 | Lair:3   | HP: 4/94 [polar bear (6)]
  8873 | Lair:3   | Reached XP level 12. HP: 69/104 MP: 11/11
  9009 | Lair:3   | Noticed Fannar
  9256 | Lair:3   | Noticed a four-headed hydra
  9261 | Lair:3   | Killed a four-headed hydra
  9477 | Lair:3   | Noticed a five-headed hydra
  9492 | Lair:3   | HP: 2/104 [yak (8)]
  9500 | Lair:3   | Reached skill level 19 in Unarmed Combat
  9507 | Lair:3   | Killed a six-headed hydra
  9520 | Lair:3   | Reached ***** piety under Wu Jian
  9539 | Lair:3   | Noticed a catoblepas
  9565 | Lair:3   | Killed Fannar
 10377 | Lair:3   | Found a runed translucent door.
 10653 | Lair:3   | Reached skill level 20 in Unarmed Combat
 10658 | Lair:3   | Killed a catoblepas
 10702 | Lair:3   | Got a dazzling glaive
 10703 | Lair:3   | Identified the +7 glaive of Meralel {flame, rF- rC+++ MR+++
                  | Str-4} (You found it on level 3 of the Lair of Beasts)
 10793 | Lair:4   | Reached XP level 13. HP: 87/110 MP: 12/12
 10853 | Lair:4   | HP: 5/110 [nine-headed hydra (1)]
 10853 | Lair:4   | Slain by a nine-headed hydra

Levels and vault maps discovered:
D:1:      dpeg_arrival_caged_fury, layout_loops_ring
D:2:      layout_rooms, kennysheep_generic_room_5
D:3:      layout_loops_ring, uniq_crazy_yiuf_cottage
D:4:      layout_cave_pools, nicolae_gozag_cash_rules_everything_around_me,
          serial_shops, nicolae_shop_competitors_out_of_business
D:5:      layout_gridville, minmay_temple_entry_gardened_gates, basic_altar,
          first_ration, uniq_menkaure, uniq_sigmund
D:6:      layout_rooms, grunt_temple_overflow_lords_of_destruction,
          st_stairs_14, hangedman_decor_clover_reticule
D:7:      layout_basic, old_standard_altar, kennysheep_little_box, uniq_pikel,
          uniq_harold
D:8:      layout_rooms, grunt_temple_overflow_cloverleaf,
          overflow_temple_1_default
D:9:      layout_irregular_city, minmay_lair_entry_grove, serial_glass,
          glass_columns_c, glass_columns_a
Temple:   minmay_temple_bridge_abc
Lair:1:   layout_chaotic_city, grunt_megastairs_2
Lair:2:   layout_regular_city, elwin_shoals_entry_rooms,
          minmay_snake_entry_six_corridors
Lair:3:   gammafunk_lair_enchanted_lake, layout_gridlike, beast_lair_carwin_8,
          infiniplex_staircase_pool, lemuel_fruit_fields, serial_bayou_shore_a,
          serial_bayou_shore_b, uniq_fannar
Lair:4:   layout_big_grid, gammafunk_ghost_berserking_beasts,
          minmay_lair_oklob_chamber
